 Dungeon Crawl Stone Soup version bcrawl-1.28.4 (webtiles) character file.

Game seed: 11920718139616250927

217608 sankara the Chucker (level 8, -1/84 HPs)
             Began as an Ogre Hunter on Jan 2, 2021.
             Was an Initiate of Gozag.
             Slain by a gnoll
             ... wielding a +2 antimagic whip
              (7 damage)
             ... on level 5 of the Dungeon.
             The game lasted 00:11:20 (4934 turns).

sankara the Chucker (Ogre Hunter)                   Turns: 4934, Time: 00:11:20

Health: -1/84      AC:  3    Str: 17    XL:     8   Next: 24%
Magic:  15/17      EV: 12    Int:  8    God:    Gozag
Gold:   476        SH:  0    Dex: 18    Spells: 7/7 levels left

rFire    . . .     SeeInvis .   a - +0 short sword
rCold    . . .     Gourm    .   (no shield)
rNeg     . . .     Faith    +   s - +0 robe
rPois    .         Spirit   .   (helmet restricted)
rElec    +         Reflect  .   (no cloak)
rCorr    .         Harm     .   (gloves unavailable)
MR       .....                  (boots unavailable)
Stlth    ++........             y - amulet of Setaffil {Faith MP+9 Int-4 Dex+7}
HPRegen  0.24/turn              E - ring of insulation
MPRegen  0.15/turn              (no ring)

@: gold aura
A: large, unfitting armour, tough skin 1
a: Potion Petition, Call Merchant, Bribe Branch, Renounce Religion


You were on level 5 of the Dungeon.
You worshipped Gozag.
Gozag was aware of your devotion.
You were hungry.

You visited 2 branches of the dungeon, and saw 6 of its levels.

You collected 513 gold pieces.
You paid 37 gold pieces to Gozag.

Inventory:

Hand Weapons
 a - a +0 short sword (weapon)
 b - a +0 hunting sling
 B - a +2 dagger of freezing
 D - a cursed -2 mace
Missiles
 c - 85 large rocks (quivered)
 d - 4 throwing nets {=f}
 n - 98 poisoned needles
 q - 134 sling bullets
 t - 468 stones
 C - 136 exploding tomahawks
Armour
 h - a +0 medium shield
 s - a +0 robe (worn)
Jewellery
 r - a cursed amulet of inaccuracy {unknown}
 w - an uncursed ring of protection from cold
 y - the amulet of Setaffil (around neck) {Faith MP+9 Int-4 Dex+7}
   (You found it on level 4 of the Dungeon)

   [amulet of faith]

   It allows you to gain divine favour quickly.
   It affects your intelligence (-4).
   It affects your dexterity (+7).
   It affects your magic capacity (+9).
 E - a ring of insulation (left hand)
Scrolls
 f - 3 scrolls of remove curse {unknown}
 j - 3 scrolls of fear {unknown}
 k - a scroll of fog {unknown}
 l - 4 scrolls of teleportation {unknown}
 m - 2 scrolls of magic mapping {unknown}
 p - 3 scrolls of identify
 v - a scroll of enchant armour {unknown}
Potions
 g - a potion of might {unknown}
 i - 2 potions of heal wounds {unknown}
 o - 2 potions of curing {unknown}
 u - 2 potions of brilliance {unknown}
 x - a potion of berserk rage {unknown}
 z - a potion of magic {unknown}
 A - 2 potions of invisibility {unknown}
Comestibles
 e - 3 rations {!d}


   Skills:
 + Level 6.6 Fighting
 * Level 7.8 Throwing
 + Level 4.5 Dodging
 - Level 0.7 Stealth


You had 7 spell levels left.
You didn't know any spells.
Your spell library contained the following spells:

 Spells                   Type           Power        Failure   Level  Hunger
 Animate Skeleton         Necr           N/A          41%         1    None
 Pain                     Necr           #.....       41%         1    None
 Vampiric Draining        Necr           #.........   78%         3    #####..
 Agony                    Necr           #.......     99%         4    ######.
 Animate Dead             Necr           N/A          99%         4    ######.
 Dispel Undead            Necr           #.......     100%        5    #######


Dungeon Overview and Level Annotations

Branches:
Dungeon (5/12)             Temple (1/1) D:4

Altars:
Cheibriados
Dithmenos
Elyvilon
Gozag
Hepliaklqana
Lugonu
Makhleb
Nemelex Xobeh
Qazlal
Trog
Wu Jian
Xom
Yredelemnul
Zin

Annotations:
D:4 1 runed translucent door, Krom's ghost, novice OnFE


Innate Abilities, Weirdness & Mutations

You are too large for most types of armour.
You have tough skin. (AC +1)


Message History

You kill the orc priest!
The orc wizard miscasts a cantrip.
The gnoll barely misses you.
Throwing (i - inventory. (/) - cycle)
c - 87 large rocks (quivered)
Press: ? - help, Shift-Dir - straight line, f/p - orc wizard
Aim: an orc wizard, wielding a +0 dagger and wearing a +1 robe of cold resistance (severely wounded)
You throw a large rock. The large rock hits the orc wizard!
You kill the orc wizard!
The gnoll hits you with a +2 antimagic whip.
* * * LOW HITPOINT WARNING * * *
You feel your power leaking away. The orc closely misses you.
The gnoll closely misses you.
Throwing (i - inventory. (/) - cycle)
c - 86 large rocks (quivered)
Press: ? - help, Shift-Dir - straight line, f - orc
Aim: an orc, wielding a +0 flail You throw a large rock.
The large rock hits the orc.
The orc is moderately wounded.
The gnoll hits you with a +2 antimagic whip!
You die...
Your body crumbles into a pile of gold.

#.....# #####.# #.#
#.##.# #.##.# #.##.#
#.##.# #.##.#
##########.. #.##.#
#.$o@gh.....
#.##.####.####......
#.....P.$o$.o.......
$
#....≈≈≈≈o≈≈≈≈≈≈≈≈≈≈
#....≈≈≈≈≈≈≈≈≈≈≈≈≈≈≈
#....≈≈#####≈≈≈h≈ ≈≈
#....≈≈#ggg#..... .
####....≈≈#...# ####
##.<#...P≈≈###+#$


You could see a gnoll, an orc and a jackal.

Vanquished Creatures
  Grinder (D:4)
  An ogre (D:5)
  An orc warrior (D:5)
  A centaur (D:5)
  Blork the orc (D:4)
  A scorpion (D:3)
  2 hounds
  2 orc priests
  6 orc wizards
  2 adders
  4 gnolls
  An ooze (D:4)
  4 worms
  2 dart slugs
  4 leopard geckos
  24 orcs
  6 bats
  2 giant cockroaches (D:2)
  4 goblins
  8 hobgoblins
  7 jackals
  A quokka (D:4)
  4 ball pythons
  2 frilled lizards
  3 kobolds
  2 rats (D:1)
96 creatures vanquished.

Notes
Turn   | Place    | Note
-------+----------+-------------------------------------------
     0 | D:1      | sankara the Ogre Hunter began the quest for the Orb.
     0 | D:1      | Reached XP level 1. HP: 22/22 MP: 1/1
   205 | D:1      | Reached XP level 2. HP: 28/29 MP: 2/2
   997 | D:2      | Reached XP level 3. HP: 37/37 MP: 3/3
  1580 | D:2      | Reached XP level 4. HP: 38/46 MP: 4/4
  1832 | D:3      | Reached skill level 5 in Throwing
  2073 | D:3      | Reached XP level 5. HP: 54/54 MP: 5/5
  2113 | D:3      | Found an opulent altar of Gozag.
  2376 | D:3      | Became a worshipper of Gozag Ym Sagoz the Greedy
  2397 | D:3      | Found a shadowy altar of Dithmenos.
  2400 | D:3      | Reached XP level 6. HP: 63/63 MP: 6/6
  3040 | D:4      | Found a runed translucent door.
  3053 | D:4      | Noticed Grinder
  3061 | D:4      | Paralysed by Grinder for 4 turns
  3066 | D:4      | Paralysed by Grinder for 4 turns
  3073 | D:4      | Killed Grinder
  3074 | D:4      | Reached skill level 5 in Fighting
  3074 | D:4      | Reached skill level 6 in Throwing
  3074 | D:4      | Reached XP level 7. HP: 38/72 MP: 7/7
  3264 | D:4      | Noticed Blork the orc
  3283 | D:4      | Killed Blork the orc
  3427 | D:4      | Got a bound bronze amulet
  3560 | D:4      | Found a staircase to the Ecumenical Temple.
  3666 | Temple   | Entered the Ecumenical Temple
  4062 | D:4      | Noticed Krom's ghost (novice OnFE)
  4103 | D:4      | Reached skill level 7 in Throwing
  4339 | D:4      | Found a stormy altar of Qazlal.
  4566 | D:4      | Identified the amulet of Setaffil {Faith MP+9 Int-4 Dex+7}
                  | (You found it on level 4 of the Dungeon)
  4610 | D:5      | Entered Level 5 of the Dungeon
  4717 | D:5      | Reached XP level 8. HP: 58/83 MP: 8/8
  4770 | D:5      | Found a corrupted altar of Lugonu.
  4780 | D:5      | Found a bloodstained altar of Trog.
  4934 | D:5      | Slain by a gnoll

Skill      XL: |  1  2  3  4  5  6  7 |
---------------+----------------------+-----
Fighting       | 3 4 5 6 |  6.6
Dodging        | 2 3 4 |  4.5
Throwing       | 5 6 7 |  7.8
Stealth        | |  0.7

Action                   |  1- 3 |  4- 6 |  7- 9 || total
-------------------------+-------+-------+-------++-------
Melee: Short sword       |    99 |   110 |   108 ||   317
 Fire: Hunting sling     |    35 |    73 |    61 ||   169
Throw: Large rock        |     3 |    12 |    20 ||    35
 Stab: Distracted        |       |     1 |       ||     1
  Eat: Chunk             |     6 |     6 |       ||    12
       Ration            |       |     1 |     3 ||     4
Armor: Robe              |    25 |    39 |    26 ||    90
Dodge: Dodged            |    68 |    67 |    73 ||   208
